 Dungeon Sprint DCSS version 0.29.1-2-gbd0b4ee654 (webtiles) character file.

Game seed: 12115630768901400969

1071 Groucho the Unseen (level 8, -5/40 HPs)
             Began as a Felid Berserker on Nov 17, 2022.
             Was an Elder of Trog.
             Slain by a boulder beetle (30 damage)
             ... in the Dungeon (Sprint IX: "|||||||||||||||||||||||||||||").
             The game lasted 00:02:27 (2374 turns).

Groucho the Unseen (Felid Berserker)                Turns: 2374, Time: 00:02:27

Health: -5/40      AC:  2    Str: 18    XL:     8   Next: 7%
Magic:  9/9        EV: 24    Int:  9    God:    Trog [****..]
Gold:   17         SH:  0    Dex: 18    Spells: 7/7 levels left
                                        Lives:  0   Deaths: 2

rFire   . . .      SeeInvis +     - Unarmed
rCold   . . .      Faith    +   (shield unavailable)
rNeg    . . .      Spirit   .   (body armour unavailable)
rPois   .          Reflect  .   (helmet unavailable)
rElec   .          Harm     .   (cloak unavailable)
rCorr   .          Rampage  .   (gloves unavailable)
Will    +++..      NoTele   +   (boots unavailable)
Stlth   +++++++...              j - amulet of faith
HPRegen 1.13/turn               g - +3 ring of strength
MPRegen 0.11/turn               h - +3 ring of dexterity

@: strong-willed, regenerating, quick
A: very small, claws 1, fangs 3, see invisible, speed 1, shaggy fur 2, stealthy
paws, no weapons or thrown items, no armour, multi-lived
a: Renounce Religion, Berserk, Trog's Hand, Brothers in Arms


You were in the Dungeon.
You worshipped Trog.
Trog was greatly pleased with you.
You visited 1 branch You collected 17 gold pieces.

Inventory:

Jewellery
 g - a +3 ring of strength (left paw)
 h - a +3 ring of dexterity (right paw)
 j - an amulet of faith (around neck)
Wands
 e - a wand of iceblast (10)
Scrolls
 f - 3 scrolls of blinking
 k - a scroll of identify
 l - a scroll of fear
Potions
 a - 5 potions of curing
 b - 6 potions of heal wounds
 c - a potion of haste
 d - 4 potions of magic
 i - 3 potions of mutation


   Skills:
 + Level 7.6 Fighting
 + Level 9.9 Dodging
 + Level 19.6 Stealth
 * Level 10.3 Unarmed Combat


You had 7 spell levels left.
You didn't know any spells.
Your spell library was empty.

Dungeon Overview and Level Annotations

Branches:
Dungeon (1/1)

Altars:
Cheibriados
Dithmenos
Elyvilon
Fedhas
Gozag
Hepliaklqana
Kikubaaqudgha
Makhleb
Nemelex Xobeh
Okawaru
Qazlal
Ru
Sif Muna
Trog
Uskayaw
Vehumet
Wu Jian
Xom
Yredelemnul
Zin
The Shining One
Jiyva
Lugonu


Innate Abilities, Weirdness & Mutations

You have sharp claws.
You have razor-sharp teeth.
You have supernaturally acute eyesight. (SInv)
You cover ground quickly. (Speed+)
You are covered in thick fur. (AC +2)
Your paws help you pounce on unaware monsters.
You are incapable of wielding weapons or throwing items.
You cannot wear armour.
You gain extra lives every three experience levels.


Message History

The komodo dragon is almost dead.
You claw the komodo dragon!
You kill the komodo dragon!
Trog accepts your kill.
Your Unarmed Combat skill increases to level 10!
You have reached level 8!
Unknown command.
There is an open door here.
You feel a strong urge to attack something.
You slam the door shut with a bang!
You start waiting.
You feel your anger nearly subside.
You are no longer berserk.
You are exhausted.
You feel yourself slow down.
You start waiting.
Your skin stops crawling.
You feel less strong-willed.
You start waiting.
You feel yourself speed up.
You start waiting.
You recover from your berserk rage.
You start waiting.
You start waiting.
Done waiting.
You start waiting.
A boulder beetle is nearby!
You open the door.
You close the door.
The boulder beetle curls into a ball and begins rolling!
Blink to where?
Press: ? - help, Dir - move target
As you read the scroll of blinking, it crumbles to dust.
The boulder beetle hits you!
The boulder beetle stops rolling and uncurls.
Unknown command.
Unknown command.
Your skin crawls.
You feel strong-willed. The boulder beetle bites you!!
Ouch! That really hurt!
You die...

▓▓▓▓▓▓▓▓▓▓▓▓▓▓▓▓▓▓▓▓
▓..@B§..+.......?..?
▓.▓▓▓▓▓▓▓▓▓▓▓▓▓▓▓▓▓▓
▓...................
▓▓▓▓▓▓▓▓▓▓▓▓▓▓▓▓▓▓▓▓
▓<...'))...))....'__
▓▓▓▓▓▓▓▓▓▓▓▓▓▓▓▓▓▓▓▓


You could see a boulder beetle.

Vanquished Creatures
  A cyclops (D)
  A komodo dragon (D)
  2 yaks (D)
  2 acid dragons (D)
  A water moccasin (D)
  An ogre (D)
  A phantom (D)
  A necrophage (D)
  A scorpion (D)
  A gnoll (D)
  An orc (D)
  A jackal (D)
  A kobold (D)
  A ball python (D)
  A rat (D)
17 creatures vanquished.

Vanquished Creatures (collateral kills)
  2 yaks (D)
2 creatures vanquished.

Grand Total: 19 creatures vanquished

Notes
Turn   | Place    | Note
-------+----------+-------------------------------------------
     0 | D        | Groucho the Felid Berserker began the quest for the Orb.
     0 | D        | Reached XP level 1. HP: 10/10 MP: 2/2
    13 | D        | Reached skill level 2 in Stealth
    17 | D        | Reached skill level 3 in Stealth
    18 | D        | Reached ** piety under Trog
    21 | D        | Reached skill level 4 in Stealth
    26 | D        | Reached skill level 6 in Stealth
    26 | D        | Reached XP level 2. HP: 7/14 MP: 3/3
  1313 | D        | Noticed a necrophage
  1313 | D        | Noticed an ogre
  1313 | D        | Noticed a phantom
  1313 | D        | Noticed a scorpion
  1322 | D        | Killed a necrophage
  1323 | D        | Reached skill level 11 in Stealth
  1323 | D        | Reached XP level 3. HP: 17/17 MP: 4/4
  1323 | D        | Reached XP level 4. HP: 21/21 MP: 5/5
  1326 | D        | Killed an ogre
  1327 | D        | Reached skill level 14 in Stealth
  1327 | D        | Reached XP level 5. HP: 24/24 MP: 6/6
  1328 | D        | Reached *** piety under Trog
  1333 | D        | Killed a phantom
  1334 | D        | Reached skill level 16 in Stealth
  1341 | D        | Reached skill level 17 in Stealth
  1341 | D        | Gained mutation: You are covered in thick fur. (AC +2)
                  | [Felid growth]
  1341 | D        | Reached XP level 6. HP: 16/28 MP: 7/7
  1836 | D        | Found a snail-covered altar of Cheibriados.
  1836 | D        | Found a shadowy altar of Dithmenos.
  1836 | D        | Found a white marble altar of Elyvilon.
  1836 | D        | Found a blossoming altar of Fedhas.
  1836 | D        | Found an opulent altar of Gozag.
  1837 | D        | Found a hazy altar of Hepliaklqana.
  1838 | D        | Found a viscous altar of Jiyva.
  1839 | D        | Found an ancient bone altar of Kikubaaqudgha.
  1840 | D        | Found a corrupted altar of Lugonu.
  1841 | D        | Found a burning altar of Makhleb.
  1842 | D        | Found a sparkling altar of Nemelex Xobeh.
  1843 | D        | Found an iron altar of Okawaru.
  1844 | D        | Found a stormy altar of Qazlal.
  1845 | D        | Found a sacrificial altar of Ru.
  1846 | D        | Found a shimmering blue altar of Sif Muna.
  1847 | D        | Found a bloodstained altar of Trog.
  1848 | D        | Found a hide-covered altar of Uskayaw.
  1849 | D        | Found a radiant altar of Vehumet.
  1850 | D        | Found an ornate altar of the Wu Jian Council.
  1851 | D        | Found a shimmering altar of Xom.
  1852 | D        | Found a basalt altar of Yredelemnul.
  1853 | D        | Found a glowing silver altar of Zin.
  1854 | D        | Found a glowing golden altar of the Shining One.
  1880 | D        | Noticed an acid dragon
  1880 | D        | Noticed a yak
  1880 | D        | Noticed an acid dragon
  1880 | D        | Noticed a yak
  1880 | D        | Noticed an orc warrior
  1882 | D        | Killed an acid dragon
  1883 | D        | Reached skill level 5 in Dodging
  1885 | D        | Killed a yak
  1885 | D        | Reached **** piety under Trog
  1886 | D        | Reached skill level 18 in Stealth
  1886 | D        | Reached XP level 7. HP: 33/33 MP: 8/8
  1888 | D        | Reached skill level 5 in Fighting
  1890 | D        | Killed a yak
  1892 | D        | Slain by an orc warrior
  1893 | D        | Reached XP level 6. HP: -4/31 MP: 7/7
  1910 | D        | Noticed a five-headed hydra
  1910 | D        | Noticed a two-headed ogre
  1910 | D        | Noticed a manticore
  1910 | D        | Noticed a tengu conjurer
  1910 | D        | Noticed a boulder beetle
  1910 | D        | Noticed a cyclops
  1912 | D        | Killed a cyclops
  1913 | D        | Reached skill level 19 in Stealth
  1913 | D        | Reached XP level 7. HP: 35/35 MP: 8/8
  1923 | D        | Slain by a boulder beetle
  1924 | D        | Reached XP level 6. HP: -3/46 MP: 7/7
  2033 | D        | Noticed a water moccasin
  2033 | D        | Noticed a yak
  2033 | D        | Noticed a yak
  2033 | D        | Noticed a blink frog
  2033 | D        | Noticed a komodo dragon
  2033 | D        | Noticed a yak
  2034 | D        | Noticed a water moccasin
  2035 | D        | Killed a water moccasin
  2036 | D        | Reached XP level 7. HP: 35/35 MP: 8/8
  2036 | D        | Noticed a cane toad
  2042 | D        | Killed a yak
  2043 | D        | Killed a yak
  2068 | D        | Killed a komodo dragon
  2069 | D        | Reached skill level 10 in Unarmed Combat
  2069 | D        | Reached XP level 8. HP: 40/40 MP: 9/9
  2374 | D        | Slain by a boulder beetle

Illustrated notes

Levels and vault maps discovered:
D:        linesprint [early_d, line_temple, items_1, d_10, items_2, lair_1,
          lair_end, items_3, orc_1, orc_end, items_4, d_15, swamp_1, shoals_1,
          snake_1, spider_1, d_20, vaults_1, items_5, swamp_end, shoals_end,
          snake_end, spider_end, vaults_end, d_27, items_6, zot_1, zot_end,
          crypt_end, forest_end, elf_end, slime_end, tomb_end, abyss_end,
          pan_hell_end]

Skill      XL: |  1  2  3  4  5  6  7 |
---------------+----------------------+-----
Stealth        | 6 11 14 17 19 | 19.6
Fighting       | 6 7 |  7.6
Dodging        | 8 9 |  9.9
Unarmed Combat | 9 10 | 10.3

Action                   |  1- 3 |  4- 6 |  7- 9 || total
-------------------------+-------+-------+-------++-------
Melee: Unarmed           |    26 |    20 |    15 ||    61
       Bite              |     3 |     3 |     3 ||     9
       Punch             |       |     1 |     1 ||     2
Invok: Trog's Hand       |     1 |       |     4 ||     5
       Berserk           |     1 |       |     2 ||     3
       Brothers in Arms  |       |       |     1 ||     1
  Use: Potion            |     2 |     1 |     1 ||     4
       Scroll            |       |       |     1 ||     1
 Stab: Sleeping          |       |     4 |     1 ||     5
       Invisible         |       |       |     1 ||     1
Armor: Skin              |       |     3 |       ||     3
Dodge: Dodged            |    20 |     5 |    10 ||    35
